AoeStats
← aclyter

Arabia

510912223Analyzed
1v1 RM · 8h ago on Oct 3, 2026· 59m 16s· 2 players
Game mode
Random Map
Map size
Tiny (2 player)
Population
200
Speed
Normal
Resources
Standard
Victory
Conquest
Starting age
Dark Age
Ending age
Imperial Age
RankedLock teamsTeams togetherTeam positionsShared explorationLock speedFull tech treeHidden civsTurbo modeCheats
Victory
Defeat
🇺🇸 Italians · United States
1391
+17
🇲🇽 Franks · Mexico
1411
-17
aclyter
4:28 Loom
9:31 Feudal Age
11:05 Double-Bit Axe
11:25 Horse Collar
19:55 Castle Age
18:02 Fletching
20:35 Bodkin Arrow
21:36 Crossbowman
22:37 Thumb Ring
23:31 Wheelbarrow
26:35 Ballistics
29:00 Padded Archer Armor
29:52 Bow Saw
30:54 Leather Archer Armor
33:00 Hand Cart
35:24 Gold Mining
38:36 Imperial Age
37:50 Masonry
39:17 Bracer
40:10 Conscription
40:08 Arbalester
42:16 Architecture
42:47 Chemistry
42:24 Ring Archer Armor
43:03 Treadmill Crane
43:47 Murder Holes
43:21 Elite Skirmisher
43:57 Elite Genoese Crossbowman
48:44 Heavy Plow
49:38 Scale Barding Armor
49:44 Forging
50:45 Chain Barding Armor
51:42 Husbandry
51:52 Bloodlines
52:28 Iron Casting
53:30 Plate Barding Armor
52:18 Cavalier
54:40 Stone Mining
56:09 Blast Furnace
56:28 Light Cavalry
58:13 Town Watch
Ux'Alargeo
6:14 Loom
8:50 Feudal Age
9:43 Double-Bit Axe
15:38 Scale Barding Armor
18:40 Wheelbarrow
18:36 Gold Mining
19:51 Forging
22:52 Castle Age
24:28 Chain Barding Armor
26:34 Bow Saw
35:30 Hand Cart
39:55 Imperial Age
38:05 Fletching
38:15 Padded Archer Armor
39:05 Bodkin Arrow
41:26 Plate Barding Armor
40:14 Cavalier
41:17 Ballistics
41:57 Chemistry
40:45 Elite Skirmisher
42:05 Leather Archer Armor
47:35 Town Watch
48:03 Husbandry
57:16 Iron Casting
Connection lost

Rejoining the realm…

Still unreachable

The connection could not be restored.

Session expired

The server has moved on; the page needs a fresh start.